 Dungeon Crawl Stone Soup version 0.29.1-1-gd02db6906a (webtiles) character file.

Game seed: 1092731813441923911

122 RogueRain17 the Chopper (level 4, -9/33 HPs)
             Began as a Demonspawn Gladiator on Sept 20, 2022.
             Killed by divine providence
             ... invoked by an orc priest
              (14 damage)
             ... on level 3 of the Dungeon.
             The game lasted 00:03:49 (2795 turns).

RogueRain17 the Chopper (Demonspawn Gladiator)      Turns: 2795, Time: 00:03:51

Health: -9/33      AC:  3    Str: 16    XL:     4   Next: 78%
Magic:  4/4        EV: 12    Int: 10    God:
Gold:   139        SH:  3    Dex: 14    Spells: 3/3 levels left

rFire   . . .      SeeInvis .   a - +0 war axe
rCold   . . .      Faith    .   s - +0 buckler
rNeg    . . .      Spirit   .   b - +0 leather armour
rPois   .          Reflect  .   (helmet restricted)
rElec   .          Harm     .   (no cloak)
rCorr   .          Rampage  .   (no gloves)
Will    .....                   (no boots)
Stlth   +.........              (no amulet)
HPRegen 0.11/turn               (no ring)
MPRegen 0.09/turn               (no ring)

@: no status effects
A: horns 1, spiny 1
a: no special abilities


You were on level 3 of the Dungeon.
You visited 1 branch of the dungeon, and saw 4 of its levels.

You collected 139 gold pieces.

Inventory:

Hand Weapons
 a - a +0 war axe (weapon)
Missiles
 d - 3 throwing nets (quivered)
 e - a javelin
Armour
 b - a +0 leather armour (worn)
 c - a +0 helmet
 s - a +0 buckler (worn)
Jewellery
 l - a ring of protection from cold
Scrolls
 f - 7 scrolls of poison {unknown}
 g - a scroll of noise {unknown}
 h - 6 scrolls of identify {unknown}
 i - 3 scrolls of vulnerability {unknown}
 k - 2 scrolls of teleportation {unknown}
 n - 2 scrolls of immolation {unknown}
 r - a scroll of fog {unknown}
Potions
 j - a potion of degeneration {unknown}
 m - 2 potions of curing
 o - 2 potions of haste {unknown}
 p - a potion of heal wounds {unknown}
 q - a potion of berserk rage {unknown}
 t - a potion of cancellation {unknown}


   Skills:
 - Level 2.0 Fighting
 * Level 4.4 Axes
 - Level 1.7 Throwing
 + Level 3.6 Dodging


You had 3 spell levels left.
You didn't know any spells.
Your spell library was empty.

Dungeon Overview and Level Annotations

Branches:
Dungeon (4/15)
 Temple: D:4-7

Altars:
Fedhas


Innate Abilities, Weirdness & Mutations

You have a pair of small horns on your head.
You are partially covered in sharp spines.


Message History

The orc priest completely misses you.
The orc wizard gestures wildly while chanting.
The orc wizard flickers and vanishes!
Deactivating autopickup; reactivate with Ctrl-A.
The worm bites you.
You hit the worm.
The worm is moderately wounded.
The orc priest hits you from afar with a +0 trident!
The worm is struck by your spines. The worm bites you.
You barely miss the worm.
The worm is heavily wounded.
You slash the worm!
You kill the worm!
The orc priest looks encouraged for a moment.
You closely miss the orc. The orc is struck by your spines.
The orc hits you with a +0 flail. The orc is struck by your spines.
The orc hits you but does no damage.
The orc priest calls upon Beogh to heal the orc.
You hit the orc.
The orc is severely wounded.
The orc closely misses you.
You slash the orc!
You kill the orc!
You hit the orc. Your headbutt misses the orc.
The orc is almost dead.
The orc hits you but does no damage.
The orc priest hits you from afar with a +0 trident. x2
You are too injured to fight recklessly!
You are too injured to fight recklessly!
You miss something. The orc priest barely misses you.
Something hits you but does no damage.
You slash something! The orc priest barely misses you. Something hits you.
You barely miss something.
The orc priest hits you from afar with a +0 trident.
* * * LOW HITPOINT WARNING * * *
Something hits you.
* * * LOW HITPOINT WARNING * * *
The orc priest mumbles some strange prayers to Beogh against you.
Beogh smites you!
You die...

#.# #.#.#########.#
#. ##<##
#.....))......# #.
#####...#
####.###.######### #.
........# ##....#
#....# .. #####...#
#.....###.##.# #.
##### #..##.....##.#
#. ### #.. ###.####.#
..# #..####.# #.# #.#
#..o)@..# #.# .. #.##
#..o##### #.# ...
...# #.. #.# ....#
#..# #. #.# #.#.#
#..# #
..########.####.#.#
...#
............##.#.#
##.#
.....#.####.##.#.#
#.#
####.###..##......#.#
##.#
#.....##...#......#.#


You could see an orc priest and an orc.

Vanquished Creatures
  3 gnolls (D:3)
  2 adders (D:2)
  4 worms
  2 dart slugs
  An orc (D:3)
  4 endoplasms
  4 giant cockroaches (D:1)
  3 hobgoblins
  4 jackals (D:3)
  4 kobolds
  3 quokkas
  6 ball pythons
  4 bats
  3 frilled lizards
  6 goblins
  6 rats
59 creatures vanquished.

Notes
Turn   | Place    | Note
-------+----------+-------------------------------------------
     0 | D:1      | RogueRain17 the Demonspawn Gladiator began the quest for
                  | the Orb.
     0 | D:1      | Reached XP level 1. HP: 16/16 MP: 1/1
   212 | D:1      | Reached skill level 3 in Axes
   225 | D:1      | Gained mutation: You have a pair of small horns on your
                  | head. [demonic ancestry]
   225 | D:1      | Reached XP level 2. HP: 22/22 MP: 2/2
   437 | D:1      | Gained mutation: You are partially covered in sharp spines.
                  | [demonic ancestry]
   437 | D:1      | Reached XP level 3. HP: 11/27 MP: 3/3
  1474 | D:2      | Reached skill level 4 in Axes
  1567 | D:2      | You fall into a shaft and drop 2 floors!
  1590 | D:3      | Reached XP level 4. HP: 33/33 MP: 4/4
  2696 | D:3      | Found a blossoming altar of Fedhas.
  2795 | D:3      | Killed from afar by an orc priest

Illustrated notes

Levels and vault maps discovered:
D:1:      ncdulo_lavacross, layout_basic
D:2:      layout_basic
D:3:      layout_loops_ring, mainiacjoe_overflow_cross_hatched
D:4:      layout_loops_ring, dancing_weapons_uskayaw, uniq_robin

Skill      XL: |  1  2  3 |
---------------+----------+-----
Axes           | 3 4 |  4.4
Dodging        | 3 |  3.6
Fighting       | |  2.0
Throwing       | |  1.7

Action                   |  1- 3 |  4- 6 || total
-------------------------+-------+-------++-------
Melee: War axe           |    91 |    34 ||   125
       Headbutt          |    10 |     6 ||    16
  Use: Potion            |     2 |       ||     2
 Stab: Sleeping          |       |     1 ||     1
Armor: Leather armour    |    21 |     7 ||    28
Dodge: Dodged            |    51 |    13 ||    64
